cohdb
Replays
Latest Replays
All Replays
Popular Replays
Top Player Replays
Match Explorer
How It Works
Community
CoH3 Stats
Reddit
Sign in to upload your games and track your stats! →
Sign in with Steam
Match 44885736
Unlisted
Match 44885736
Overview
Messages
Build Orders
End
Selects Canadian Shock Battlegroup
Royal Engineer Section
Construct Section Command Post
Infantry Section
Infantry Section
Vickers Machine Gun Team
Selects Attacking Spirit
Selects Canadian Shock Section
Canadian Shock Section
Grenade Package
Construct Platoon Command Post
Humber Armored Car
Selects Incendiary Munitions
CMP 15cwt Truck
Selects Pyrotechnics
ML 3-inch Mortar Team
Infantry Section
Canadian Shock Section
Selects Smoke Operation
Smoke Operation
Construct Company Command Post
Crusader II Medium Tank
Smoke Operation
WarDogOllie
Storm
Nukepapa
Fajolada
0
0
Comments
sign in to comment!
No comments posted yet!